 Dungeon Crawl Stone Soup version 0.28-a0-381-g937acc2988 (webtiles) character file.

Game seed: 13635860055266818142

160 jdzakarian the Poker (level 5, -6/46 HPs)
             Began as a Draconian Berserker on Sept 1, 2021.
             Was a Believer of Trog.
             Mangled by an ogre (10 damage)
             ... on level 4 of the Dungeon.
             The game lasted 00:17:25 (2704 turns).

jdzakarian the Poker (Draconian Berserker)          Turns: 2704, Time: 00:17:25

Health: -6/46      AC:  7    Str: 19    XL:     5   Next: 17%
Magic:  5/5        EV: 13    Int:  8    God:    Trog [**....]
Gold:   107        SH:  0    Dex: 11    Spells: 4/4 levels left

rFire   . . .      SeeInvis .   g - +1 trident
rCold   + . .      Faith    .   (no shield)
rNeg    + . .      Spirit   .   (armour unavailable)
rPois   .          Reflect  .   (helmet restricted)
rElec   .          Harm     .   (no cloak)
rCorr   .          Rampage  .   (no gloves)
Will    .....                   c - +1 pair of boots
Stlth   +.........              (no amulet)
HPRegen 0.15/turn               b - ring of protection from cold
MPRegen 0.09/turn               h - ring of positive energy

@: no status effects
A: AC +5, unfitting armour, cold-blooded
a: Renounce Religion, Berserk, Trog's Hand


You were on level 4 of the Dungeon.
You worshipped Trog.
Trog was pleased with you.
You visited 1 branch of the dungeon, and saw 4 of its levels.

You collected 107 gold pieces.

Inventory:

Hand Weapons
 g - a +1 trident (weapon)
 j - a +5 hunting sling of flaming
Missiles
 a - 3 boomerangs (quivered)
 d - 3 throwing nets
Armour
 c - a +1 pair of boots (worn)
Jewellery
 b - a ring of protection from cold (left hand)
 h - a ring of positive energy (right hand)
Scrolls
 e - 3 scrolls of identify
 i - a scroll of teleportation
Potions
 f - 2 potions of haste


   Skills:
 + Level 4.2 Fighting
 + Level 4.3 Polearms
 + Level 3.7 Dodging
 + Level 0.8 Stealth


You had 4 spell levels left.
You didn't know any spells.
Your spell library contained the following spells:

 Spells                   Type           Power      Damage    Failure   Level
 Sublimation of Blood     Necr           0%         N/A       54%         2
 Petrify                  Tmut/Erth      0%         N/A       99%         4
 Irradiate                Conj/Tmut      0%         3d13      100%        5


Dungeon Overview and Level Annotations

Branches:
Dungeon (3/15)

Altars:
Hepliaklqana
Ru
Xom


Innate Abilities, Weirdness & Mutations

Your plain brown scales are hard. (AC +5)
You cannot fit into any form of body armour.
You are cold-blooded and may be slowed by cold attacks.


Message History

A quokka comes into view.
Found 18 gold pieces.
The ball python closely misses you. The ball python grabs you.
The ball python constricts you.
You escape the ball python's grasp.
The ogre completely misses you. The ball python barely misses you. x2
Found a chain mail.
You closely miss the ball python. The ball python closely misses you. x2
You barely miss the ball python.
Your tail-slap misses the ball python.
The ball python bites you but does no damage.
The ball python misses you.
You hit the ball python.
You kill the ball python!
Trog accepts your kill.
Found a scroll labelled ARCHITO GEIPS.
Found a stone staircase leading up.
There are monsters nearby!
You barely miss the ogre. You tail-slap the ogre.
The ogre is moderately wounded.
The ogre closely misses you.
You barely miss the ogre.
Your tail-slap misses the ogre.
The ogre is moderately wounded.
The ogre barely misses you.
You hit the ogre.
The ogre is heavily wounded.
The ogre hits you with a +0 giant club!
* * * LOW HITPOINT WARNING * * *
You completely miss the ogre. You tail-slap the ogre.
The ogre is heavily wounded.
The ogre barely misses you.
You hit the ogre but do no damage.
The ogre is heavily wounded.
You completely miss the ogre.
The ogre is heavily wounded.
The ogre closely misses you.
You puncture the ogre!
The ogre is almost dead.
The ogre hits you with a +0 giant club!
You die...

### #<# #.#
#@# #O#
#########Z#
........#.#
........#.#
........#.#
........#.#
........#.#
..........#


You could see an ogre and a bullfrog skeleton.

Vanquished Creatures
  An orc priest (D:3)
  Robin (D:2)
  A gnoll (D:1)
  4 adders
  A dart slug (D:2)
  2 orcs (D:3)
  6 ball pythons
  3 endoplasms
  2 giant cockroaches (D:1)
  15 goblins
  11 hobgoblins
  3 jackals (D:1)
  2 kobolds
  A quokka (D:2)
  5 bats
  2 frilled lizards
  5 rats
65 creatures vanquished.

Notes
Turn   | Place    | Note
-------+----------+-------------------------------------------
     0 | D:1      | jdzakarian the Draconian Berserker began the quest for the
                  | Orb.
     0 | D:1      | Reached XP level 1. HP: 19/19 MP: 1/1
   180 | D:1      | Reached XP level 2. HP: 24/26 MP: 2/2
   459 | D:1      | Found a faded altar of an unknown god.
   472 | D:1      | Reached XP level 3. HP: 33/33 MP: 3/3
   878 | D:2      | Reached ** piety under Trog
  1767 | D:2      | Reached XP level 4. HP: 36/40 MP: 4/4
  1914 | D:2      | Noticed Robin
  1979 | D:2      | Killed Robin
  2440 | D:3      | Reached XP level 5. HP: 25/46 MP: 5/5
  2605 | D:3      | Found a sacrificial altar of Ru.
  2605 | D:3      | Found a shimmering altar of Xom.
  2606 | D:3      | Found a hazy altar of Hepliaklqana.
  2651 | D:3      | You fall into a shaft and drop 1 floor!
  2655 | D:4      | Noticed an ogre
  2704 | D:4      | Mangled by an ogre

Illustrated notes

Levels and vault maps discovered:
D:1:      dpeg_arrival_pits, layout_basic, shapermc_ecumenical_altar_notcrosses,
          minmay_tromino_v2
D:2:      minmay_alternating_diamond, layout_basic,
          hangedman_decor_diamond_cutter, minmay_parallelograms, uniq_robin
D:3:      layout_basic, nicolae_overflow_quartered_altars, serial_rivers,
          chequers_serial_rivers_small_a, chequers_serial_rivers_micro_b,
          chequers_serial_rivers_marsh, chequers_serial_rivers_room_b
D:4:      layout_basic, kennysheep_small_circle

Skill      XL: |  1  2  3  4 |
---------------+-------------+-----
Dodging        | 3 |  3.7
Fighting       | 4 |  4.2
Polearms       | 4 |  4.3
Stealth        | |  0.8

Action                   |  1- 3 |  4- 6 || total
-------------------------+-------+-------++-------
Melee: Spear             |    44 |       ||    44
       Tailslap          |    12 |    10 ||    22
       Trident           |    61 |    84 ||   145
Throw: Boomerang         |       |     7 ||     7
  Use: Scroll            |     5 |     1 ||     6
 Stab: Sleeping          |       |     1 ||     1
Armor: Skin              |    49 |    27 ||    76
Dodge: Dodged            |    82 |    53 ||   135

Table legend: (Time is in decaauts)
 A = Elapsed time spent in this place.
 B = Non-inter-level travel time spent in this place.
 C = Inter-level travel time spent in this place.
 D = Time resting spent in this place.
 E = Time spent auto-exploring this place.
 F = Levels seen in this place.
 G = Mean time per level.
                   A        B        C        D        E       F      G
               +--------+--------+--------+--------+--------+-----+--------+
         Total |   2723 |   2720 |      3 |    298 |   1559 |   4 |  680.8 |
       Dungeon |   2723 |   2720 |      3 |    298 |   1559 |   4 |  680.8 |
               +--------+--------+--------+--------+--------+-----+--------+

Top non-repeatable levels by time:
     D:2: 1533 daAuts
     D:1: 861 daAuts
     D:3: 274 daAuts
     D:4: 54 daAuts
